 Dungeon Crawl Stone Soup version 0.29.1-1-gd02db6906a (webtiles) character file.

Game seed: 16629061367355313495

163 masschaos23 the Trooper (level 5, 0/47 HPs)
             Began as a Hill Orc Fighter on Sept 15, 2022.
             Slain by a gnoll
             ... wielding a +0 club
              (8 damage)
             ... on level 3 of the Dungeon.
             The game lasted 00:04:01 (3663 turns).

masschaos23 the Trooper (Hill Orc Fighter)          Turns: 3663, Time: 00:04:02

Health: 0/47       AC:  7    Str: 21    XL:     5   Next: 44%
Magic:  5/5        EV:  9    Int:  8    God:
Gold:   69         SH:  4    Dex: 10    Spells: 4/4 levels left

rFire   . . .      SeeInvis .   a - +0 war axe
rCold   . . .      Faith    .   c - +0 buckler
rNeg    . . .      Spirit   .   b - +0 scale mail
rPois   .          Reflect  .   (no helmet)
rElec   .          Harm     .   (no cloak)
rCorr   .          Rampage  .   (no gloves)
Will    .....                   (no boots)
Stlth   ..........              (no amulet)
HPRegen 0.15/turn               (no ring)
MPRegen 0.09/turn               (no ring)

@: very slow
A: no striking features
a: no special abilities


You were on level 3 of the Dungeon.
You visited 1 branch of the dungeon, and saw 3 of its levels.

You collected 69 gold pieces.

Inventory:

Hand Weapons
 a - a +0 war axe (weapon)
Armour
 b - a +0 scale mail (worn)
 c - a +0 buckler (worn)
Jewellery
 q - an amulet of guardian spirit
 t - an amulet of regeneration
Wands
 o - a wand of paralysis (10)
Scrolls
 e - 2 scrolls of enchant armour {unknown}
 g - a scroll of noise {unknown}
 h - 3 scrolls of identify {unknown}
 i - 2 scrolls of vulnerability {unknown}
 j - a scroll of blinking {unknown}
 p - a scroll of magic mapping {unknown}
 r - a scroll of teleportation {unknown}
 s - a scroll of amnesia {unknown}
Potions
 d - a potion of might
 f - 2 potions of ambrosia {unknown}
 k - 2 potions of magic {unknown}
 l - a potion of attraction {unknown}
 m - a potion of brilliance {unknown}
 n - a potion of flight {unknown}


   Skills:
 + Level 4.7 Fighting
 + Level 4.7 Axes
 + Level 4.2 Armour
 - Level 0.5 Dodging
 - Level 0.1 Stealth
 + Level 3.7 Shields


You had 4 spell levels left.
You didn't know any spells.
Your spell library was empty.

Dungeon Overview and Level Annotations

Branches:
Dungeon (3/15)

Altars:


Message History

The gnoll is heavily wounded.
You barely miss the gnoll. You block the gnoll's attack.
The gnoll barely misses you. You block the gnoll's attack.
You hit the gnoll.
The gnoll is heavily wounded.
You hit the gnoll but do no damage. The gnoll completely misses you.
The gnoll hits you with a +0 whip.
Your unstable footing causes you to fumble your attack.
The gnoll splashes around in the water.
The gnoll closely misses you. You block the gnoll's attack.
You closely miss the gnoll.
The gnoll is heavily wounded.
You slash the gnoll!
You kill the gnoll!
You hit the gnoll but do no damage. You barely miss the gnoll.
The gnoll hits you but does no damage.
You completely miss the gnoll. You hit the gnoll.
You kill the gnoll!
You hit the gnoll.
The gnoll is lightly wounded.
You hit the gnoll but do no damage. The gnoll hits you with a +0 club.
You block the gnoll's attack. The gnoll hits you with a +0 whip.
Your unstable footing causes you to fumble your attack.
The gnoll hits you but does no damage. x2
Your unstable footing causes you to fumble your attack.
The gnoll splashes around in the water.
The gnoll hits you but does no damage.
Your unstable footing causes you to fumble your attack.
The gnoll closely misses you. The gnoll barely misses you.
The gnoll hits you with a +0 club. You block the gnoll's attack.
Your unstable footing causes you to fumble your attack.
You block the gnoll's attack. The gnoll closely misses you.
Your unstable footing causes you to fumble your attack.
The gnoll splashes around in the water.
The gnoll hits you with a +0 club.
You hit the gnoll but do no damage. You slash the gnoll!
The gnoll hits you with a +0 whip. The gnoll hits you but does no damage.
The gnoll barely misses you. The gnoll hits you but does no damage.
You barely miss the gnoll. x2; The gnoll hits you with a +0 whip!
* * * LOW HITPOINT WARNING * * *
The gnoll hits you with a +0 club!
You die...

##############
#............####
#....~.~.~~.~~.~.
####@g~.~#~~#
#8.#g##~~~~8#~#
#.~~~~_...~~#~#
##~..~.~..#~~.#
....#~~~~.(~#.~.#
#....#...~~~~#..#
#....~#~~~~~##~.######
#.>.~.##'''~#~.......#
.....~~..~~~.~.......#


You could see 2 gnolls.

Vanquished Creatures
  Natasha (twice) (D:2)
  2 adders
  2 gnolls (D:3)
  2 dart slugs
  8 ball pythons
  7 endoplasms
  3 giant cockroaches
  7 hobgoblins
  2 jackals (D:1)
  5 kobolds
  4 quokkas
  9 bats
  10 frilled lizards
  2 goblins
  6 rats
  A spectral kobold (D:3)
72 creatures vanquished.

Notes
Turn   | Place    | Note
-------+----------+-------------------------------------------
     0 | D:1      | masschaos23 the Hill Orc Fighter began the quest for the
                  | Orb.
     0 | D:1      | Reached XP level 1. HP: 19/19 MP: 1/1
   569 | D:1      | Reached XP level 2. HP: 21/27 MP: 2/2
  1043 | D:1      | Reached XP level 3. HP: 29/33 MP: 3/3
  1869 | D:2      | Noticed Natasha
  1884 | D:2      | Killed Natasha
  1885 | D:2      | Reached XP level 4. HP: 16/41 MP: 4/4
  2861 | D:2      | Noticed Natasha
  2868 | D:2      | Killed Natasha
  2869 | D:2      | Reached XP level 5. HP: 33/47 MP: 5/5
  3605 | D:3      | Found a faded altar of an unknown god.
  3663 | D:3      | Slain by a gnoll

Illustrated notes

Levels and vault maps discovered:
D:1:      elethiomel_arrival_maze, layout_loops_ring, hex_large
D:2:      layout_basic, uniq_natasha
D:3:      layout_basic, dreamdust_ecumenical_altar_drowned_temple

Skill      XL: |  1  2  3  4 |
---------------+-------------+-----
Fighting       | 4 |  4.7
Axes           | 3 4 |  4.7
Armour         | 4 |  4.2
Dodging        | |  0.5
Stealth        | |  0.1
Shields        | |  3.7

Action                   |  1- 3 |  4- 6 || total
-------------------------+-------+-------++-------
Melee: War axe           |   110 |   116 ||   226
Armor: Scale mail        |    63 |    60 ||   123
Dodge: Dodged            |    52 |    79 ||   131
Block: Buckler           |    33 |    33 ||    66
